 Dungeon Crawl Stone Soup version 0.18.1-48-g4cf74bf (webtiles) character file.

290 Psiweapon the Bolt Thrower (level 6, -3/35 HPs)
             Began as a Kobold Hunter on June 23, 2016.
             Slain by a gnoll
             ... wielding a +0 halberd
              (10 damage)
             ... on level 3 of the Dungeon on June 28, 2016.
             The game lasted 00:15:12 (3280 turns).

Psiweapon the Bolt Thrower (Kobold Hunter)          Turns: 3280, Time: 00:15:13

Health: -3/35      AC:  8    Str: 10    XL:     6   Next: 58%
Magic:  6/6        EV: 15    Int:  9    God:
Gold:   87         SH:  0    Dex: 19    Spells: 0 memorised, 5 levels left

rFire  . . .     SeeInvis .     s - +0 long sword
rCold  + . .     Gourm    .     A - +2 leather armour {rC+}
rNeg   . . .     Faith    .     (shield restricted)
rPois  .         Spirit   .     (no helmet)
rElec  .         Dismiss  .     (no cloak)
rCorr  .         Reflect  .     k - +2 pair of gloves
SustAt .         Harm     .     (no boots)
MR     .....                    (no amulet)
Stlth  ++........               (no ring)
                                (no ring)

@: not resistant to hostile enchantments, unstealthy
A: carnivore 3
a: no special abilities


You were on level 3 of the Dungeon.
You were completely stuffed.

You visited 1 branch of the dungeon, and saw 4 of its levels.

You collected 87 gold pieces.

Inventory:

Hand Weapons
 a - a +2 hand crossbow
 b - a +0 short sword
 s - a +0 long sword (weapon)
 z - a +0 dagger of draining
Missiles
 d - 11 bolts
 h - 36 stones (quivered)
 u - 5 tomahawks
Armour
 c - a +0 leather armour
 k - a +2 pair of gloves (worn)
 A - a +2 leather armour of cold resistance (worn)
Scrolls
 g - 2 scrolls of teleportation {unknown}
 j - a scroll of fog {unknown}
 l - 2 scrolls of enchant weapon
 o - 2 scrolls of remove curse
 q - 2 scrolls of fear {unknown}
 t - a scroll of random uselessness {unknown}
 y - a scroll of identify {unknown}
Potions
 e - a potion of haste {unknown}
 i - a potion of berserk rage
 m - a potion of curing
 n - a potion of agility {unknown}
 p - a potion of might {unknown}
 r - 2 potions of mutation {unknown}
 w - a potion of invisibility {unknown}
Books
 x - a book of Frost

   Spells                             Type                      Level
   a - Freeze                         Ice                          1
   b - Throw Frost                    Conjuration/Ice              2
   c - Ozocubu's Armour               Charms/Ice                   3
   d - Throw Icicle                   Conjuration/Ice              4
   e - Summon Ice Beast               Ice/Summoning                4
Comestibles
 f - 2 meat rations
 v - a chunk of flesh


   Skills:
 - Level 2.2 Fighting
 + Level 4.4 Short Blades
 * Level 7.6 Crossbows
 - Level 2.6 Dodging
 - Level 1.3 Stealth


You had 5 spell levels left.
You didn't know any spells.

Dungeon Overview and Level Annotations

Branches:
Dungeon (4/15)
 Temple: D:4-7

Altars:
Makhleb
Nemelex Xobeh

Annotations:
D:3 exclusion: downstairs


Innate Abilities, Weirdness & Mutations

You are small and have problems with some larger weapons.
You are carnivorous and can eat meat at any time.


Message History

The gnoll hits you but does no damage. The gnoll barely misses you.
You hit the gnoll but do no damage. The gnoll barely misses you.
The gnoll hits you from afar with a halberd!
The gnoll barely misses you.
Wield which item (- for none, * to show all)? (? for menu, Esc to quit)
s - a +0 long sword (weapon)
You slash the gnoll!
The gnoll is severely wounded.
The gnoll closely misses you.
The gnoll hits you from afar with a halberd!
* * * LOW HITPOINT WARNING * * *
You hit the gnoll.
The gnoll is severely wounded.
The gnoll closely misses you. The gnoll barely misses you.
You slash the gnoll!
You kill the gnoll!
The gnoll hits you from afar with a halberd.
* * * LOW HITPOINT WARNING * * *
The gnoll hits you from afar with a halberd!
You die...

#...........##..#
#......
##########.####.#
#.##..) #.#
#.###########.###.#
#.#
#.#...............#
#.#
#.#.#########.##...
#.# #.#.# #.....#
#.# #.#g# #......
#.####.#.# #.##.##
#......@.# #)##...
##### ######.###
#.#####
#...########.# #.#
#..........<.# #.#
####...##########
#.# ........#
#######.# ####....#
#...<.).# ##.#.#
#.####### #.#.# #.#


You could see a gnoll.

Vanquished Creatures
  A howler monkey (D:4)
  An orc wizard (D:3)
  2 worker ants
  3 gnolls
  6 adders
  5 worms
  3 dart slugs
  4 giant geckos
  8 orcs (D:3)
  3 bats
  2 giant cockroaches (D:2)
  8 hobgoblins
  4 jackals (D:1)
  A quokka (D:3)
  3 ball pythons
  5 giant newts
  9 goblins
  4 kobolds
  6 rats
78 creatures vanquished.

Notes
Turn   | Place    | Note
--------------------------------------------------------------
     0 | D:1      | Psiweapon the Kobold Hunter began the quest for the Orb.
     0 | D:1      | Reached XP level 1. HP: 12/12 MP: 1/1
    88 | D:1      | Reached skill level 5 in Crossbows
   190 | D:1      | Reached XP level 2. HP: 16/17 MP: 2/2
   263 | D:2      | Reached skill level 1 in Short Blades
   445 | D:2      | Reached XP level 3. HP: 21/21 MP: 3/3
  1412 | D:2      | Reached XP level 4. HP: 26/26 MP: 4/4
  1547 | D:3      | Reached skill level 6 in Crossbows
  1938 | D:3      | Reached XP level 5. HP: 21/30 MP: 5/5
  2401 | D:4      | Reached skill level 7 in Crossbows
  2401 | D:4      | Reached XP level 6. HP: 15/35 MP: 6/6
  2408 | D:3      | Upgraded the game from 0.18.1-47-g9310371 to 0.18.1-48-g4cf74bf
  2769 | D:3      | Found a sparkling altar of Nemelex Xobeh.
  3129 | D:3      | Found a burning altar of Makhleb.
  3280 | D:3      | Slain by a gnoll

Skill      XL: |  1  2  3  4  5  6 |
---------------+-------------------+-----
Crossbows      | 5 6 7 |  7.6
Short Blades   | 1 2 3 4 |  4.4
Fighting       | |  2.2
Dodging        | |  2.6
Stealth        | |  1.3

Action                   |  1- 3 |  4- 6 || total
-------------------------+-------+-------++-------
Melee: Short sword       |    49 |    91 ||   140
       Long sword        |       |    23 ||    23
       Dagger            |       |    53 ||    53
 Fire: Hand crossbow     |    45 |    37 ||    82
Throw: Stone             |       |     1 ||     1
  Use: Potion            |       |     2 ||     2
       Scroll            |       |     2 ||     2
 Stab: Sleeping          |     3 |     5 ||     8
  Eat: Chunk             |    10 |     7 ||    17
Armor: Leather armour    |    21 |    37 ||    58
Dodge: Dodged            |    37 |   124 ||   161
